 Dungeon Crawl Stone Soup version 0.27.0-1-g7a089689b8 (webtiles) character file.

Game seed: 13981943873833092012

10889 loralnil the Blocker (level 12, -4/97 HPs)
             Began as a Formicid Fighter on Aug 13, 2021.
             Was a High Priest of Cheibriados.
             Slain by Jorgrun (13 damage)
             ... on level 12 of the Dungeon.
             The game lasted 00:16:16 (12632 turns).

loralnil the Blocker (Formicid Fighter)            Turns: 12632, Time: 00:16:17

Health: -4/97      AC: 18    Str: 35    XL:     12   Next: 0%
Magic:  14/18      EV:  5    Int: 27    God:    Cheibriados [*****.]
Gold:   657        SH: 18    Dex: 27    Spells: 11/11 levels left

rFire    . . .     SeeInvis +   A - +0 battleaxe
rCold    . . .     Faith    .   c - +3 kite shield
rNeg     . . .     Spirit   .   H - +0 plate armour
rPois    .         Reflect  .   (helmet unavailable)
rElec    .         Harm     .   k - +0 cloak
rCorr    .         Rampage  .   B - +0 pair of gloves
Will     +....                  p - +0 pair of boots
Stlth    ..........             (no amulet)
HPRegen  0.26/turn              h - +6 ring of intelligence
MPRegen  0.16/turn              a - +6 ring of dexterity

@: mighty, grasped by roots, constricted, very slow
A: permanent stasis, dig shafts and tunnels, antennae 3, four strong arms
a: Dig, Shaft Self, Renounce Religion, Bend Time, Temporal Distortion, Slouch,
Step From Time


You were on level 12 of the Dungeon.
You worshipped Cheibriados.
Cheibriados was extremely pleased with you.
You visited 1 branch of the dungeon, and saw 12 of its levels.

You collected 903 gold pieces.
You spent 246 gold pieces at shops.

Inventory:

Hand Weapons
 A - a +0 battleaxe (weapon)
 D - a +1 war axe of flaming
Missiles
 s - 2 throwing nets
Armour
 c - a +3 kite shield (worn)
 k - a +0 cloak (worn)
 p - a +0 pair of boots (worn)
 B - a +0 pair of gloves (worn)
 H - a +0 plate armour (worn)
Jewellery
 a - a +6 ring of dexterity (right hand)
 g - a ring of fire
 h - a +6 ring of intelligence (left hand)
Wands
 y - a wand of paralysis (9)
 F - a wand of flame (16)
 G - a wand of polymorph (11)
Scrolls
 e - 3 scrolls of fear
 f - 2 scrolls of amnesia {unknown}
 i - 3 scrolls of magic mapping
 l - a scroll of fog {unknown}
 o - a scroll of summoning {unknown}
 t - a scroll of enchant weapon {unknown}
 u - a scroll of noise {unknown}
 v - 3 scrolls of silence {unknown}
 w - 2 scrolls of torment
 E - a scroll of vulnerability {unknown}
Potions
 d - a potion of might
 j - 3 potions of brilliance
 m - 2 potions of magic
 n - 2 potions of mutation
 q - a potion of flight {unknown}
 r - 2 potions of invisibility
 x - 3 potions of lignification
 z - 3 potions of attraction
 C - 2 potions of curing


   Skills:
 + Level 9.7 Fighting
 + Level 8.5 Axes
 + Level 9.6 Armour
 + Level 10.5 Shields
 + Level 9.1 Invocations


You had 11 spell levels left.
You didn't know any spells.
Your spell library contained the following spells:

 Spells                   Type           Power      Damage    Failure   Level
 Foxfire                  Conj/Fire      0%         2x1d4     54%         1
 Summon Small Mammal      Summ           0%         N/A       54%         1
 Slow                     Hex            0%         N/A       69%         2
 Call Canine Familiar     Summ           0%         N/A       89%         3
 Confusing Touch          Hex            0%         N/A       89%         3
 Conjure Flame            Conj/Fire      0%         6-21      89%         3
 Dazzling Flash           Conj/Hex       0%         N/A       89%         3
 Frozen Ramparts          Ice            0%         1d2       89%         3
 Gell's Gravitas          Tloc           0%         N/A       89%         3
 Inner Flame              Hex/Fire       0%         N/A       89%         3
 Lesser Beckoning         Tloc           0%         N/A       89%         3
 Summon Guardian Golem    Hex/Summ       0%         N/A       89%         3
 Teleport Other           Tloc           0%         N/A       89%         3
 Vampiric Draining        Necr           0%         2d6       89%         3
 Ice Form                 Ice/Tmut       0%         N/A       100%        4
 Iskenderun's Mystic Bla  Conj/Tloc      0%         2d3       100%        4
 Summon Ice Beast         Ice/Summ       0%         N/A       100%        4
 Starburst                Conj/Fire      0%         8x6d3     100%        6


Dungeon Overview and Level Annotations

Branches:
Dungeon (12/15)            Temple (0/1) D:4            Lair (0/6) D:11
    Orc (0/2) D:12

Altars:
Cheibriados
Elyvilon
Gozag
Kikubaaqudgha
Qazlal
Ru
Sif Muna
Trog
Uskayaw
Vehumet
Wu Jian
Xom
Yredelemnul

Shops:
D:3 *   D:7 ?

Annotations:
D:6 2 runed translucent doors
D:12 1 transporter, Jorgrun


Innate Abilities, Weirdness & Mutations

You cannot be hasted, slowed, berserked, paralysed or teleported.
You can dig through walls and to a lower floor.
You have a pair of large antennae on your head. (SInv)
Your four strong arms can wield two-handed weapons with a shield.


Message History

The acid dragon bites you but does no damage.
The acid dragon closely misses you.
You miss Jorgrun.
Jorgrun is heavily wounded.
You slice the acid dragon!! You slash the manticore!
Jorgrun closely misses you. You block the manticore's attack. x2
The manticore claws you but does no damage.
The acid dragon bites you but does no damage.
The acid dragon claws you but does no damage.
You block Jorgrun's attack.
You hit Jorgrun.
Jorgrun is heavily wounded.
You slash the manticore! You slice the acid dragon!!
You kill the acid dragon!
Cheibriados appreciates the change of pace.
The acid dragon scales are intact enough to wear.
The manticore barely misses you. You block the manticore's attack.
The manticore claws you but does no damage.
You block Jorgrun's attack.
You have reached level 12!
Your experience leads to an increase in your attributes!
Your base attributes are Str 23, Int 9, Dex 10.
Increase (S)trength, (I)ntelligence, or (D)exterity?
You feel stronger.
You feel clever.
You slice Jorgrun!!
Jorgrun is severely wounded.
Your plate armour prevents you from hitting the manticore.
Jorgrun mutters some incantations to himself.
Jorgrun hits you with a staff of earth.
* * * LOW HITPOINT WARNING * * *
You block the manticore's attack.
The manticore claws you but does no damage.
The manticore barely misses you.
You slash Jorgrun!
Jorgrun is severely wounded.
You hit the manticore. Jorgrun gestures at you while chanting.
Roots burst forth from the earth!
The grasping roots grab you!
You die...

****,*** *,,,,,,,* ***,**** *,*
##**.#*** *,,,,,,*
****,****#.,,..,,# *,*,**,*
*,,,,,,,*#.**.#*.# *,*,**,*
*,**,*#,*#.##.##.# *,*,,*,*
*,**,*#.##.......# *,**,*,*
*****,**,,,.....#....# *,*,,,,**
,,,,,,,,,,,,*#.H[g...##*,,,,,,,*
***,,,,,,,,,*#.)@#**,.,,,,,,,,,*
,,***,,***,**#...# *.#***,,,,,,*
,,,,**,,**,* ###.###.# **,,,,**
*,*,,*,,**,* #.....# **,*,*
*,*,,*,,**,* #...### *,,,***
,,,,**,<,,,* #...# *,,,,,,
,*,,*.,*,*** #...#**###**,,,***
©,,,*©..,* #...#*...,,,,,**
,,*,*....#######...##.#####,,****


You could see Jorgrun and a manticore (slow).

Vanquished Creatures
  4 two-headed ogres
  Erica (D:11)
  A gargoyle (D:12)
  2 unseen horrors
  A hornet (D:8)
  A meliai zombie (D:11)
  A wyvern (D:8)
  7 yaks
  4 steam dragons
  3 wargs (D:11)
  An acid dragon (D:12)
  2 water moccasins (D:6)
  Duvessa (D:4)
  3 ice beasts
  4 orc warriors
  A necrophage (D:2)
  5 centaurs
  6 kobold brigands
  3 bullfrogs (D:8)
  Dowan (D:4)
  A water moccasin zombie (D:5)
  7 wights
  4 howler monkeys
  2 bullfrog zombies (D:5)
  5 centaur zombies
  2 jellies
  3 hounds
  2 centaur skeletons
  A gnoll shaman (D:8)
  6 orc priests
  5 iguanas
  11 orc wizards
  2 killer bee zombies
  2 human simulacra (D:10)
  A mummy (D:6)
  9 gnolls
  6 adders
  A white imp (D:8)
  An adder skeleton (D:4)
  3 worms (D:2)
  5 dart slugs (D:2)
  35 orcs
  6 ball pythons
  4 bats
  9 endoplasms
  4 giant cockroaches
  3 goblins
  A hobgoblin (D:4)
  2 jackals (D:1)
  24 kobolds
  4 quokkas
  4 frilled lizards (D:1)
  6 rats
233 creatures vanquished.

Vanquished Creatures (others)
  4 yaks (D:10)
  A white imp (D:5)
  5 withered plants (D:10)
10 creatures vanquished.

Grand Total: 243 creatures vanquished

Notes
Turn   | Place    | Note
-------+----------+-------------------------------------------
     0 | D:1      | loralnil the Formicid Fighter began the quest for the Orb.
     0 | D:1      | Reached XP level 1. HP: 18/18 MP: 1/1
   268 | D:1      | Reached XP level 2. HP: 20/24 MP: 2/2
   432 | D:1      | Reached skill level 4 in Shields
   432 | D:1      | Reached XP level 3. HP: 15/29 MP: 3/3
  1150 | D:2      | Reached XP level 4. HP: 34/37 MP: 4/4
  1233 | D:2      | Noticed a necrophage
  1244 | D:2      | Killed a necrophage
  1245 | D:2      | Reached XP level 5. HP: 31/42 MP: 5/5
  1886 | D:2      | Reached XP level 6. HP: 48/49 MP: 6/6
  2251 | D:2      | Reached skill level 5 in Shields
  2655 | D:3      | Found Liomitwam's General Store.
  2979 | D:3      | Found a faded altar of an unknown god.
  3311 | D:3      | Found a snail-covered altar of Cheibriados.
  3319 | D:3      | Became a worshipper of Cheibriados the Contemplative
  3706 | D:4      | Found a staircase to the Ecumenical Temple.
  4042 | D:4      | Found a basalt altar of Yredelemnul.
  4063 | D:4      | Found a bloodstained altar of Trog.
  4073 | D:4      | Noticed Duvessa
  4073 | D:4      | Noticed Dowan
  4085 | D:4      | Killed Duvessa
  4086 | D:4      | Reached skill level 1 in Invocations
  4086 | D:4      | Reached XP level 7. HP: 34/55 MP: 7/7
  4086 | D:4      | Killed Dowan
  4087 | D:4      | Reached skill level 5 in Fighting
  4087 | D:4      | Reached skill level 5 in Armour
  4316 | D:4      | Reached * piety under Cheibriados
  4515 | D:5      | Entered Level 5 of the Dungeon
  4524 | D:5      | Found a white marble altar of Elyvilon.
  4715 | D:5      | Reached XP level 8. HP: 59/63 MP: 9/9
  4757 | D:5      | Found a radiant altar of Vehumet.
  4988 | D:5      | Reached skill level 6 in Shields
  5768 | D:6      | Reached ** piety under Cheibriados
  5773 | D:6      | Found a stormy altar of Qazlal.
  6053 | D:6      | Reached skill level 5 in Axes
  6199 | D:6      | Reached XP level 9. HP: 36/69 MP: 10/12
  6422 | D:6      | Found a runed translucent door.
  6423 | D:6      | Found a runed translucent door.
  6548 | D:6      | Reached skill level 7 in Shields
  7144 | D:7      | Found Cawor's Magic Scroll Emporium.
  7154 | D:7      | Bought a scroll of identify for 26 gold pieces
  7154 | D:7      | Bought a scroll of identify for 26 gold pieces
  7154 | D:7      | Bought a scroll of identify for 26 gold pieces
  7154 | D:7      | Bought a scroll of fear for 45 gold pieces
  7154 | D:7      | Bought a scroll of identify for 26 gold pieces
  7154 | D:7      | Bought a scroll of enchant armour for 97 gold pieces
  7523 | D:7      | Reached skill level 5 in Invocations
  7716 | D:7      | Found an ornate altar of the Wu Jian Council.
  8489 | D:8      | Reached *** piety under Cheibriados
  8540 | D:8      | Found an opulent altar of Gozag.
  8757 | D:8      | Noticed a two-headed ogre
  8765 | D:8      | Killed a two-headed ogre
  8766 | D:8      | Reached skill level 8 in Shields
  8766 | D:8      | Reached XP level 10. HP: 39/79 MP: 14/14
  9087 | D:8      | Found a hide-covered altar of Uskayaw.
  9518 | D:8      | Noticed a two-headed ogre
  9534 | D:8      | Killed a two-headed ogre
  9559 | D:8      | Reached skill level 9 in Shields
 10083 | D:9      | Found a shimmering altar of Xom.
 10236 | D:9      | Reached **** piety under Cheibriados
 10484 | D:9      | Found a sacrificial altar of Ru.
 10629 | D:10     | Entered Level 10 of the Dungeon
 10676 | D:10     | Reached XP level 11. HP: 87/87 MP: 16/16
 10950 | D:10     | Found an ancient bone altar of Kikubaaqudgha.
 11029 | D:10     | Found a shimmering blue altar of Sif Muna.
 11601 | D:11     | Found a staircase to the Lair.
 11610 | D:11     | Reached ***** piety under Cheibriados
 11815 | D:11     | Noticed a two-headed ogre
 11822 | D:11     | Killed a two-headed ogre
 11823 | D:11     | Reached skill level 10 in Shields
 11827 | D:11     | Noticed Erica
 11836 | D:11     | Killed Erica
 12590 | D:12     | Found a transporter.
 12610 | D:12     | Noticed Jorgrun
 12614 | D:12     | Noticed a two-headed ogre
 12621 | D:12     | Noticed a manticore
 12626 | D:12     | Killed a two-headed ogre
 12631 | D:12     | Reached XP level 12. HP: 12/97 MP: 14/18
 12632 | D:12     | Slain by Jorgrun

Illustrated notes

Levels and vault maps discovered:
D:1:      dpeg_arrival_three_bigger_balls, layout_basic, serial_bayou_pond_a
D:2:      layout_loops_ring, minivault_11, minmay_hexomino_f4
D:3:      layout_loops_corners, lemuel_coloured_pillars_altar, serial_shops,
          shop, dreamdust_ecumenical_altar_angels_and_demons,
          chequers_serial_rivers_micro_a
D:4:      layout_basic, mainiacjoe_overflow_alcove_4,
          mainiacjoe_overflow_alcove_1, minmay_temple_entry_mini_moons,
          uniq_duvessa
D:5:      layout_gridville, amcnicky_altar_gilded, fiery_altar_vehumet
D:6:      lemuel_insect_pit, layout_layer_cave, overflow_temple_1_default,
          gup_ossuary_entry_pyramid, amcnicky_mini_corridor_feature
D:7:      layout_loops_corners, pdpol_wu_jian_five_deadly_venoms, serial_shops,
          shop, uniq_menkaure
D:8:      layout_basic, nicolae_gozag_cash_rules_everything_around_me,
          lemuel_tele_altar, kennysheep_kite_vault
D:9:      layout_long_grid, pf_just_have_faith, lemuel_doored_altar
D:10:     layout_layer_cave, kennysheep_little_box, kiku_gazebo_garden_becter,
          hangedman_decor_clover_reticule, bh_circular_ruins
D:11:     layout_gridville, erik_lair_orcish_takeover, uniq_erica
D:12:     layout_loops_cross, david_orc_4, gammafunk_ghost_berserking_beasts,
          gauntlet_entry_generic, uniq_jorgrun, uniq_sonja

Skill      XL: |  1  2  3  4  5  6  7  8  9 10 11 |
---------------+----------------------------------+-----
Shields        | 4 5 6 8 9 10 | 10.5
Fighting       | 4 5 6 7 8 9 |  9.7
Axes           | 3 4 5 6 7 8 |  8.5
Armour         | 4 5 6 7 8 9 |  9.6
Invocations    | 1 2 4 6 7 9 |  9.1

Action                   |  1- 3 |  4- 6 |  7- 9 | 10-12 || total
-------------------------+-------+-------+-------+-------++-------
Melee: War axe           |    68 |   189 |    53 |       ||   310
       Battleaxe         |       |       |   160 |   260 ||   420
Invok: Bend Time         |       |       |       |     2 ||     2
  Use: Scroll            |     1 |     3 |     9 |     3 ||    16
       Potion            |       |     2 |     1 |     5 ||     8
 Stab: Distracted        |       |       |       |     1 ||     1
Armor: Scale mail        |    28 |       |       |       ||    28
       Chain mail        |    12 |    85 |   116 |    97 ||   310
       Plate armour      |       |       |       |    41 ||    41
Dodge: Dodged            |    19 |    59 |    81 |    97 ||   256
Block: Kite shield       |    43 |   126 |   176 |   312 ||   657
